 Dungeon Crawl Stone Soup version 0.30.1-4-g462c640d31 (webtiles) character file.

Game seed: 11640283221305687349

387 jurchenman the Trooper (level 6, -2/56 HPs)
             Began as a Minotaur Fighter on Aug 31, 2023.
             Slain by a gnoll
             ... wielding a +0 halberd
              (9 damage)
             ... on level 5 of the Dungeon.
             The game lasted 00:06:54 (3672 turns).

jurchenman the Trooper (Minotaur Fighter)           Turns: 3672, Time: 00:06:55

Health: -2/56      AC:  9    Str: 23    XL:     6   Next: 49%
Magic:  5/5        EV:  8    Int:  5    God:
Gold:   155        SH:  4    Dex:  9    Spells: 5/5 levels left

rFire   . . .        a - +2 war axe
rCold   . . .        c - +0 buckler
rNeg    . . .        t - +0 chain mail
rPois   .            (helmet restricted)
rElec   .            (no cloak)
rCorr   +            (no gloves)
SInv    .            (no boots)
Will    .....        (no amulet) Stlth
                     k - ring of resist corrosion
HPRegen 0.29/turn    (no ring)
MPRegen 0.09/turn

%: no passive effects
@: mighty
A: horns 2, retaliatory headbutt
a: no special abilities


You were on level 5 of the Dungeon.
You visited 1 branch of the dungeon, and saw 5 of its levels.

You collected 155 gold pieces.

Inventory:

Hand Weapons
 a - a +2 war axe (weapon)
Missiles
 f - 42 stones (quivered)
 v - 5 boomerangs
Armour
 b - a +0 scale mail
 c - a +0 buckler (worn)
 r - a +0 plate armour
 t - a +0 chain mail (worn)
Jewellery
 k - a ring of resist corrosion (left hand)
Wands
 s - a wand of charming (9)
 x - a wand of quicksilver (4)
Scrolls
 n - a scroll of silence
 p - 4 scrolls of teleportation
 q - a scroll of fear
 w - a scroll of poison
Potions
 d - 2 potions of might
 e - a potion of berserk rage {unknown}
 g - 2 potions of invisibility
 h - a potion of haste
 i - 2 potions of brilliance
 j - 2 potions of curing
 l - a potion of ambrosia
 u - 2 potions of attraction {unknown}


   Skills:
 + Level 5.1 Fighting
 + Level 4.3 Axes
 + Level 2.5 Throwing
 + Level 5.1 Armour
 + Level 5.0 Shields


You had 5 spell levels left.
You didn't know any spells.
Your spell library contained the following spells:

 Spells                   Type           Power      Damage    Failure   Level
 Kiss of Death            Conj/Necr      0%         2d5       98%         1
 Confusing Touch          Hex            0%         N/A       100%        3
 Dispel Undead            Necr           0%         3d6       100%        4


Dungeon Overview and Level Annotations

Branches:
Dungeon (5/15)
 Temple: D:4-7

Altars:
Gozag
Sif Muna
Vehumet
Wu Jian

Shops:
D:2 *

Annotations:
D:5 1 runed translucent door, wingedge's ghost, novice DgWn


Innate Abilities, Weirdness & Mutations

You have a pair of horns on your head.
You reflexively headbutt those who attack you in melee.


Message History

The gnoll hits you but does no damage.
A gnoll comes into view. It is wielding a +0 spear.
The gnoll barely misses you.
The gnoll hits you from afar with a +0 halberd.
You block the gnoll's attack.
The gnoll shouts!
You hit the gnoll.
The gnoll is heavily wounded.
You hear an angry hiss.
The gnoll hits you with a +0 flail.
* * * LOW HITPOINT WARNING * * *
The gnoll hits you from afar with a +0 halberd!
* * * LOW HITPOINT WARNING * * *
The gnoll attacks as you move away! You block the gnoll's attack.
You feel much better. The gnoll hits you with a +0 flail!
The gnoll barely misses you.
You feel very mighty all of a sudden. The gnoll barely misses you.
The gnoll hits you from afar with a +0 halberd.
* * * LOW HITPOINT WARNING * * *
You hit the gnoll.
The gnoll is severely wounded.
The gnoll hits you with a +0 flail.
* * * LOW HITPOINT WARNING * * *
The gnoll hits you from afar with a +0 halberd.
* * * LOW HITPOINT WARNING * * *
You closely miss the gnoll. You headbutt the gnoll.
You kill the gnoll!
The gnoll hits you but does no damage. The gnoll completely misses you.
The gnoll closely misses you. You block the gnoll's attack.
You see here a +0 flail.
You closely miss the gnoll. The gnoll completely misses you.
The gnoll hits you from afar with a +0 spear.
* * * LOW HITPOINT WARNING * * *
You closely miss the gnoll. The gnoll completely misses you.
The gnoll hits you with a +0 halberd.
* * * LOW HITPOINT WARNING * * *
You barely miss the gnoll. You block the gnoll's attack.
The gnoll hits you with a +0 halberd!
You die...

#. ####. ###.... #######
.....^. #######......
..... #............ ...
##.#+#........
...###.######..#S#........
.......gg@.....#S#........
######.######..#W#........
#. #..#~#........ #g
####$######### #. #~# ..
.. .#


You could see 2 gnolls and an adder.

Vanquished Creatures
  An orc priest (D:4)
  2 hounds (D:4)
  An iguana (D:4)
  2 sleepcaps
  10 gnolls
  4 adders
  A worm (D:4)
  2 dart slugs
  5 orcs
  5 endoplasms
  7 giant cockroaches
  7 goblins
  11 hobgoblins
  3 jackals (D:1)
  7 kobolds
  3 quokkas
  3 ball pythons
  3 bats
  4 frilled lizards
  2 rats
83 creatures vanquished.

Notes
Turn   | Place    | Note
-------+----------+-------------------------------------------
     0 | D:1      | jurchenman the Minotaur Fighter began the quest for the
                  | Orb.
     0 | D:1      | Reached XP level 1. HP: 19/19 MP: 0/0
   148 | D:1      | Reached XP level 2. HP: 27/27 MP: 1/1
  1023 | D:2      | Found Riymapluo's General Store.
  1036 | D:2      | Reached skill level 1 in Throwing
  1036 | D:2      | Reached XP level 3. HP: 33/33 MP: 2/2
  1247 | D:2      | Found a faded altar of an unknown god.
  1727 | D:3      | Found an ornate altar of the Wu Jian Council.
  2038 | D:3      | Found an opulent altar of Gozag.
  2134 | D:3      | Found a shimmering blue altar of Sif Muna.
  2135 | D:3      | Found a radiant altar of Vehumet.
  2166 | D:3      | Reached XP level 4. HP: 40/40 MP: 3/3
  2573 | D:4      | Reached XP level 5. HP: 42/47 MP: 4/4
  2828 | D:4      | Reached XP level 6. HP: 32/55 MP: 5/5
  2834 | D:4      | Reached skill level 5 in Fighting
  2838 | D:4      | Reached skill level 5 in Armour
  3111 | D:4      | Reached skill level 5 in Shields
  3591 | D:5      | Entered Level 5 of the Dungeon
  3633 | D:5      | Found a runed translucent door.
  3641 | D:5      | Noticed wingedge's ghost (novice DgWn)
  3672 | D:5      | Slain by a gnoll

Illustrated notes

Levels and vault maps discovered:
D:1:      dpeg_arrival_tiny_i, layout_loops_corners, minmay_tromino_v4_c
D:2:      layout_loops_ring, dreamdust_ecumenical_altar_grove, serial_shops,
          shop, minmay_misc_feat_pillars, moated_statue
D:3:      layout_loops_cross, nicolae_overflow_hidden_temple,
          nicolae_wu_jian_wuxing_cycle, mainiacjoe_overflow_tiny_flanked
D:4:      layout_basic, minmay_misc_feat_roman, nrook_mini_vaults
D:5:      layout_basic, ebering_ghost_sewer_d, dreamdust_princess_corridor

Skill      XL: |  1  2  3  4  5  6 |
---------------+-------------------+-----
Shields        | 4 5 |  5.0
Armour         | 4 5 |  5.1
Fighting       | 4 5 |  5.1
Axes           | 3 4 |  4.3
Throwing       | 1 2 |  2.5

Action                     |  1- 3 |  4- 6 || total
---------------------------+-------+-------++-------
  Melee: War axe           |    94 |    83 ||   177
         Headbutt          |     9 |    17 ||    26
  Throw: Stone             |       |     1 ||     1
    Use: Scroll            |    11 |     7 ||    18
         Potion            |       |     2 ||     2
 Armour: Scale mail        |    49 |       ||    49
         Plate armour      |     4 |    45 ||    49
         Chain mail        |       |     6 ||     6
  Dodge: Dodged            |    45 |    39 ||    84
  Block: Buckler           |    14 |    20 ||    34
